 Dungeon Crawl Stone Soup version 0.31-a0-188-g5e087ee2ca (webtiles) character file.

Game seed: 6799638305431990215

173 qw the Skirmisher (level 5, -4/29 HPs)
             Began as a Deep Elf Hunter on June 22, 2023.
             Slain by an ogre
             ... wielding a +0 giant spiked club
              (15 damage)
             ... on level 4 of the Dungeon.
             The game lasted 00:00:53 (2629 turns).

qw the Skirmisher (Deep Elf Hunter)                 Turns: 2629, Time: 00:00:54

Health: -4/29      AC: 14    Str: 10    XL:     5   Next: 28%
Magic:  7/7        EV:  9    Int: 14    God:
Gold:   101        SH:  0    Dex: 18    Spells: 4/4 levels left

rFire   . . .        Y - +0 shortbow (drain)
rCold   + + .        (shield currently unavailable)
rNeg    . . .        q - +2 scale mail {rC+}
rPois   +            (no helmet)
rElec   .            j - +1 cloak
rCorr   .            i - +2 pair of gloves
SInv    .            g - +0 pair of boots
Will    .....        (no amulet)
Stlth   +            n - ring of poison resistance
HPRegen 0.24/turn    r - ring of protection from cold
MPRegen 0.10/turn

%: no passive effects
@: no status effects
A: no striking features
a: no special abilities


You were on level 4 of the Dungeon.
You visited 1 branch of the dungeon, and saw 4 of its levels.

You collected 101 gold pieces.


   Skills:
 - Level 1.5 Fighting
 + Level 8.1 Ranged Weapons
 - Level 1.0 Armour
 - Level 3.2 Dodging
 - Level 1.2 Stealth


You had 4 spell levels left.
You didn't know any spells.
Your spell library was empty.

Inventory:

Hand Weapons
 Y - a +0 shortbow of draining (weapon)
Armour
 g - a +0 pair of boots (worn)
 i - a +2 pair of gloves (worn)
 j - a +1 cloak (worn)
 q - a +2 scale mail of cold resistance (worn)
Jewellery
 a - a ring of fire
 l - a +6 ring of strength
 n - a ring of poison resistance (left hand)
 r - a ring of protection from cold (right hand)
Scrolls
 c - a scroll of identify
 k - 2 scrolls of teleportation
 m - a scroll of immolation {unknown}
Potions
 b - a potion of might {unknown}
 d - a potion of lignification {unknown}
 e - a potion of curing
 f - a potion of berserk rage {unknown}
 h - 4 potions of heal wounds
 o - a potion of haste {unknown}
 t - a potion of cancellation

Dungeon Overview and Level Annotations

Branches:
Dungeon (4/15)
 Temple: D:4-7

Altars:

Shops:
D:1 :   D:3 :

Annotations:
D:3 2 runed translucent doors, qw's ghost, weakling DEHu


Message History

You shoot an arrow.
The arrow hits the iguana but does no damage.
The iguana is almost dead.
The iguana bites you but does no damage.
You shoot an arrow. The arrow hits the iguana!
You kill the iguana!
Your Armour skill increases to level 1!
You start resting.
HP restored.
A kobold comes into view.
It is wielding a +0 dagger and quivering poisoned darts.
The kobold shouts!
Enter note:
Enter note: You shoot an arrow.
The arrow hits the kobold.
You kill the kobold!
Things that are here:
a +0 dagger; 5 poisoned darts; a kobold corpse
Enter note:
Enter note: You open the door.
There is an open door here.
You open the door.
There is an open door here.
An ogre comes into view. It is wielding a +0 giant spiked club.
The ogre shouts!
Enter note:
Enter note: You shoot an arrow.
The arrow barely misses the ogre.
You shoot an arrow. The arrow hits the ogre.
You drain the ogre.
The ogre is lightly wounded.
You shoot an arrow. The arrow barely misses the ogre.
The ogre hits you with a +0 giant spiked club!
You shoot an arrow. The arrow hits the ogre.
The ogre is lightly wounded.
You shoot an arrow. The arrow barely misses the ogre.
The ogre hits you with a +0 giant spiked club!
You shoot an arrow. The arrow barely misses the ogre.
The ogre hits you with a +0 giant spiked club!
Ouch! That really hurt!
You die...

#.....)......####.#
#####'######## #..
###~###.# #..
##..~....# #.#
##.~.~.#### #.#
#....~.# ..#
#.~..~.# ##.#
#....~.# #..
#....~@# ..
#......O.....#
#...?........#
#............#
#............#
#.............#
###...........#
#...........#


You could see an ogre (drained).

Vanquished Creatures
  Terence (D:3)
  An iguana (D:4)
  7 adders
  A dart slug (D:3)
  An orc (D:3)
  8 endoplasms
  5 giant cockroaches
  6 goblins
  3 hobgoblins
  3 jackals (D:1)
  5 kobolds
  2 quokkas
  6 ball pythons
  3 bats
  2 frilled lizards
  3 rats
57 creatures vanquished.

Notes
Turn   | Place    | Note
-------+----------+-------------------------------------------
     0 | D:1      | qw the Deep Elf Hunter began the quest for the Orb.
     0 | D:1      | Reached XP level 1. HP: 12/12 MP: 3/3
     0 | D:1      | 0 ||| qw: Version: 0.3-a-9-g12657ce
     0 | D:1      | 0 ||| qw: Game counter: 2995
     0 | D:1      | 0 ||| qw: Always use a shield: true
     0 | D:1      | 0 ||| qw: God list: Okawaru
     0 | D:1      | 0 ||| qw: Allow faded altars: false
     0 | D:1      | 0 ||| qw: Do Orc after D:15 true
     0 | D:1      | 0 ||| qw: Do second Lair branch before Depths: true
     0 | D:1      | 0 ||| qw: Lair rune preference: random
     0 | D:1      | 0 ||| qw: Plans: Normal
     0 | D:1      | 0 ||| PLANNING D:1-11
   197 | D:1      | Found Wysyskep's Book Shoppe.
   222 | D:1      | Reached skill level 6 in Ranged Weapons
   222 | D:1      | Reached XP level 2. HP: 16/16 MP: 4/4
   496 | D:1      | 496 ||| UPGRADING to +0 pair of boots.
   501 | D:1      | 501 ||| UPGRADING to +1 cloak.
   506 | D:1      | 506 ||| READING scroll labelled FEOTUM ZONN.
   507 | D:1      | 507 ||| READING scroll labelled LALLIM ZETE.
   510 | D:1      | 510 ||| DROPPING scroll of butterflies.
   603 | D:2      | Reached XP level 3. HP: 20/20 MP: 5/5
  1109 | D:2      | 1109 ||| UPGRADING to +2 pair of gloves.
  1114 | D:2      | 1114 ||| DROPPING ring of flight.
  1115 | D:2      | 1115 ||| UPGRADING to ring of poison resistance.
  1116 | D:2      | 1116 ||| UPGRADING to +6 ring of strength.
  1117 | D:2      | 1117 ||| READING scroll labelled XUADEL XUNGA.
  1118 | D:2      | 1118 ||| READING scroll labelled ZIMIAHINUTZ.
  1119 | D:2      | 1119 ||| READING scroll labelled LYAXYQATUDI.
  1129 | D:3      | 1129 ||| STAIRDANCE
  1156 | D:3      | 1156 ||| STAIRDANCE
  1195 | D:3      | Reached skill level 7 in Ranged Weapons
  1279 | D:3      | Reached XP level 4. HP: 25/25 MP: 6/6
  1381 | D:3      | Reached skill level 8 in Ranged Weapons
  1496 | D:3      | Found a large runed translucent door.
  1496 | D:3      | Found a large runed translucent door.
  1499 | D:3      | Noticed qw's ghost (weakling DEHu)
  1509 | D:3      | Noticed Terence
  1521 | D:3      | Killed Terence
  1522 | D:3      | Reached skill level 3 in Dodging
  1567 | D:3      | Found Xirghuaka's Book Shoppe.
  1765 | D:3      | 1765 ||| FLEEEEING.
  1766 | D:3      | 1766 ||| FLEEEEING.
  1782 | D:3      | Reached XP level 5. HP: 28/29 MP: 7/7
  2259 | D:3      | 2259 ||| UPGRADING to +2 scale mail of cold resistance.
  2269 | D:3      | 2269 ||| DROPPING +0 leather armour.
  2270 | D:3      | 2270 ||| UPGRADING to ring of protection from cold.
  2272 | D:3      | 2272 ||| READING scroll labelled CULUEWN NOKKUA.
  2273 | D:3      | 2273 ||| READING scroll labelled LOOBLO HOSUORPH.
  2274 | D:3      | 2274 ||| READING scroll labelled GEQAQAKHLAU.
  2375 | D:3      | 2375 ||| DRINKING 2 cyan potions.
  2376 | D:3      | 2376 ||| DRINKING 5 dark potions.
  2377 | D:3      | 2377 ||| DRINKING 2 bubbling clear potions.
  2524 | D:4      | Reached skill level 1 in Armour
  2623 | D:4      | Noticed an ogre
  2629 | D:4      | Slain by an ogre

Levels and vault maps discovered:
D:1:      dpeg_arrival_lava_temple_mockup, layout_rooms, serial_shops,
          nicolae_shop_just_a_little_nook
D:2:      layout_loops_ring
D:3:      layout_basic, ebering_ghost_disaster_area, serial_shops, shop,
          grunt_ministairs_9, nrook_uturn, minmay_snake_closets, uniq_terence
D:4:      layout_basic, serial_rivers, chequers_serial_rivers_small_a,
          chequers_serial_rivers_micro_a, chequers_serial_rivers_small_3,
          chequers_serial_rivers_micro_e, roderic_roman_lattice,
          grunt_ministairs_3, uniq_blork_the_orc

Skill      XL: |  1  2  3  4  5 |
---------------+----------------+-----
Ranged Weapons | 6 7 8 |  8.1
Dodging        | 3 |  3.2
Armour         | 1 |  1.0
Fighting       | |  1.5
Stealth        | |  1.2

Action                     |  1- 3 |  4- 6 || total
---------------------------+-------+-------++-------
   Fire: Shortbow          |    87 |    67 ||   154
    Use: Scroll            |     5 |     3 ||     8
         Potion            |       |     3 ||     3
 Armour: Leather armour    |    15 |     2 ||    17
         Scale mail        |       |     3 ||     3
  Dodge: Dodged            |    30 |    10 ||    40

Table legend:
 A = Non-vault XP
 B = Vault XP
 C = Vault XP percentage of total XP
 D = Non-vault monster count
 E = Vault monster count
 F = Vault count percentage of total count
                 A         B        C        D         E       F
            +---------+---------+-------+---------+---------+-------
      Total |     124 |     124 |  50.0 |      44 |      13 |  22.8
            +---------+---------+-------+---------+---------+-------
        D:1 |      25 |       0 |   0.0 |      15 |       0 |   0.0
        D:2 |      32 |       4 |  11.1 |      11 |       2 |  15.4
        D:3 |      23 |     120 |  83.9 |      12 |      11 |  47.8
        D:4 |      44 |       0 |   0.0 |       6 |       0 |   0.0
            +---------+---------+-------+---------+---------+-------
